 Dungeon Crawl Stone Soup version 0.30-a0-377-g5cb311bc9f (webtiles) character file.

Game seed: 14650376117363541454

493 MackTheKnife the Chopper (level 7, -3/59 (62) HPs)
             Began as a Meteoran Berserker on Nov 29, 2022.
             Was a Follower of Trog.
             Killed from afar by Dowan (8 damage)
             ... with a puff of frost
             ... on level 5 of the Dungeon.
             The game lasted 00:05:25 (1239 turns).

MackTheKnife the Chopper (Meteoran Berserker)       Turns: 1239, Time: 00:05:25

HP:   -3/59 (62)    AC:  5    Str: 21    XL:     7   Next: 65%
MP:   8/8           EV: 11    Int:  9    God:    Trog [*.....]
Gold: 104           SH:  0    Dex: 13    Spells: 6/6 levels left

rFire   + . .      SeeInvis .    a - +0 hand axe {axe}
rCold   . . .      Faith    .    (no shield)
rNeg    . . .      Spirit   .    g - +0 ring mail {rF+}
rPois   .          Reflect  .    (no helmet)
rElec   .          Harm     .    (no cloak)
rCorr   .          Rampage  .    (no gloves)
Will    .....                    (no boots)
Stlth   +.........               (no amulet)
HPRegen 0.29/turn                (no ring)
MPRegen 0.11/turn                (no ring)

@: on berserk cooldown, slowed, glowing, lightly drained, very slow
A: sense surroundings 1, otherworldly, glowing, explore regen
a: Renounce Religion, Berserk


You were on level 5 of the Dungeon.
You worshipped Trog.
Trog was aware of your devotion.
You visited 1 branch of the dungeon, and saw 5 of its levels.

You collected 104 gold pieces.


Innate Abilities, Weirdness & Mutations

You passively map a small area around you.
You are easily found by Zot.
You glow in the dark.
You regain HP and MP as you explore.


   Skills:
 + Level 5.9 Fighting
 + Level 7.8 Axes
 - Level 2.4 Armour
 - Level 2.4 Dodging


You had 6 spell levels left.
You didn't know any spells.
Your spell library was empty.

Inventory:

Hand Weapons
 a - a +0 hand axe (weapon) {axe}
 q - a +4 dagger {short}
   (You took it off a kobold on level 4 of the Dungeon)
 r - a +0 hand axe of freezing {axe}
   (You took it off an orc on level 4 of the Dungeon)
Armour
 g - a +0 ring mail of fire resistance (worn)
   (You found it on level 2 of the Dungeon)
 k - a +0 robe of fire resistance
   (You took it off Blork the orc on level 4 of the Dungeon)
 l - the +0 pair of boots "Tynafi" {+Inv rCorr Dex-5 Stlth+}
   (You found it on level 4 of the Dungeon)

   Dex:       It affects your dexterity (-5).
   +Inv:      It lets you turn invisible.
   rCorr:     It protects you from acid and corrosion.
   Stlth:     It makes you more stealthy.
 n - a +0 ring mail
   (You took it off an orc on level 4 of the Dungeon)
 s - a +0 ring mail
   (You took it off an orc on level 4 of the Dungeon)
Jewellery
 o - the ring of Emithrotz {rF+++ Will+ Str-4 Int-2 Dex+5}
   (You found it on level 4 of the Dungeon)

   [ring of willpower]

   Str:       It affects your strength (-4).
   Int:       It affects your intelligence (-2).
   Dex:       It affects your dexterity (+5).
   rF:        It renders you almost immune to fire.
   Will:      It increases your willpower.
Wands
 i - a wand of paralysis (7)
   (You found it on level 3 of the Dungeon)
Scrolls
 b - a scroll of fog {unknown}
 c - a scroll of magic mapping {unknown}
 d - a scroll of identify {unknown}
 f - a scroll of silence {unknown}
 h - 2 scrolls of amnesia {unknown}
 j - a scroll of immolation {unknown}
 m - a scroll of teleportation {unknown}
 p - a scroll of enchant weapon {unknown}
Potions
 e - 2 potions of curing {@q1}
 t - a potion of heal wounds {unknown}

Dungeon Overview and Level Annotations

Branches:
Dungeon (5/15) Zot: 1712   Temple (0/1) D:4

Altars:
Hepliaklqana
Nemelex Xobeh
Uskayaw

Annotations:
D:5 Dowan, Duvessa, Eustachio

*, $..... .. ,
,...... * .#* ,
......##### *.#
..........#+#.#
..............###
................
, *
#.......ยง....#*
* ,
......@ยงnr...# ,
..#....Se@#'##
,#..5..e.#<# , ,
, ##.#....+.#
#...#.#.#.# * *
#.......#.#
.....#...... *
...#####.#.# *
#.. , ..#.# , *
#.#


You could see Eustachio, Duvessa (fast), a necrophage, Dowan, a crimson imp
(summoned), an adder and a river rat (summoned).


Message History

You feel a strong urge to attack something.
The quokka barely misses you.
Unknown command.
You barely miss Eustachio. You hit the quokka.
You kill the quokka!
The quokka's corpse disappears in a puff of smoke!
You hit the quokka.
You are no longer berserk.
You are exhausted.
You feel yourself slow down. Eustachio closely misses you.
The quokka barely misses you. ๐Ÿ˜Ž HP[-31]
You now have 62 max hp (-31).
You hit Eustachio. You hit the river rat but do no damage.
You hit the necrophage but do no damage.
You hit the quokka.
You kill the quokka!
The quokka's corpse disappears in a puff of smoke!
An adder comes into view.
The river rat barely misses you. The necrophage closely misses you.
Eustachio hits you with a +0 falchion. ๐Ÿ˜• HP[-1]
You take 1 damage, and now have 61/62 hp.
Unknown command.
You hit Eustachio. You hit the quokka. You hit the river rat but do no damage.
You hit the necrophage. The quokka bites you.
The necrophage closely misses you. Eustachio barely misses you.
The river rat bites you but does no damage.
The quokka misses you. The necrophage hits you.
You feel drained. Eustachio hits you but does no damage.
The river rat bites you. ๐Ÿ˜• HP[-11]
You now have 61 max hp (-1).
You take 11 damage, and now have 50/61 hp.
Okay, then.
Unknown command.
It was a potion of curing.
You feel better. Duvessa hits you with a +0 rapier.
The quokka closely misses you. The necrophage closely misses you.
Dowan throws and catches a handful of magical flame, then smirks.
The river rat closely misses you.
Eustachio casts a spell.
Duvessa barely misses you. The quokka misses you. ๐Ÿ˜• HP[+2]
You regained 2 hp, and now have 52/61 hp.
Unknown command.
Unknown command.
Unknown command.
The quokka attacks as you move away!
The quokka bites you but does no damage.
The necrophage hits you.
You feel drained. The necrophage closely misses you.
The quokka bites you but does no damage.
The river rat bites you but does no damage. ๐Ÿ˜• HP[-6]
You now have 59 max hp (-2).
You take 6 damage, and now have 46/59 hp.
You closely miss the river rat. You hit the necrophage.
You hit Duvessa but do no damage. You hit the quokka.
You kill the quokka!
The quokka's corpse disappears in a puff of smoke!
You hit Dowan. Duvessa hits you with a +0 rapier!
Duvessa hits you with a +0 rapier.
* * * LOW HITPOINT WARNING * * *
The necrophage barely misses you. Dowan gestures at you while chanting.
The puff of flame hits you. You resist.
* * * LOW HITPOINT WARNING * * *
The river rat closely misses you. The adder bites you.
* * * LOW HITPOINT WARNING * * *
Unknown command. ๐Ÿ˜จ HP[-21]
You take 21 damage, and now have 25/59 hp.
MASSIVE DAMAGE!! (PAUSE)
You hit the river rat but do no damage. You hit the adder. You hit Dowan.
You hit the necrophage but do no damage.
You hit Duvessa but do no damage. Duvessa closely misses you.
The crimson imp blinks!
The adder bites you.
* * * LOW HITPOINT WARNING * * *
Duvessa barely misses you.
The necrophage hits you but does no damage.
The river rat bites you but does no damage.
Dowan hits you with a +0 dagger.
* * * LOW HITPOINT WARNING * * *
The crimson imp blinks!
The adder bites you.
* * * LOW HITPOINT WARNING * * *
Unknown command. ๐Ÿ˜จ HP[-6]
You take 6 damage, and now have 19/59 hp.
Dowan attacks as you move away! Dowan barely misses you.
Duvessa hits you with a +0 rapier.
* * * LOW HITPOINT WARNING * * *
Eustachio casts a spell.
Eustachio blinks!
The necrophage closely misses you. The river rat misses you.
Duvessa hits you with a +0 rapier!
* * * LOW HITPOINT WARNING * * *
The river rat bites you but does no damage.
Dowan gestures at you while chanting. The puff of frost hits you!
You die...

Skill      XL: |  1  2  3  4  5 |
---------------+----------------+-----
Axes           | 4 5 6 7 |  7.8
Fighting       | 5 |  5.9
Armour         | |  2.4
Dodging        | |  2.4

Action                   |  1- 3 |  4- 6 |  7- 9 || total
-------------------------+-------+-------+-------++-------
Melee: Hand axe          |    80 |     8 |    31 ||   119
       Falchion          |       |    33 |    11 ||    44
       Punch             |       |       |     1 ||     1
Invok: Berserk           |     2 |     2 |     2 ||     6
Evoke: Wand              |       |     1 |       ||     1
  Use: Potion            |       |       |     1 ||     1
 Stab: Paralysed         |       |     1 |       ||     1
Armor: Animal skin       |    11 |       |       ||    11
       Ring mail         |    13 |    16 |    30 ||    59
Dodge: Dodged            |    40 |    29 |    41 ||   110

Levels and vault maps discovered:
D:1:      matt_arrival_refuge, layout_loops_ring
D:2:      layout_rooms
D:3:      layout_loops_ring, nicolae_overflow_ecumenical_swirl, uniq_sigmund
D:4:      layout_cave_pools, mainiacjoe_overflow_catch_the_wave,
          minmay_temple_entry_hall, uniq_grinder, uniq_blork_the_orc
D:5:      kb_forest_paths, layout_basic, nicolae_elyvilon_peaceful_grove,
          hangedman_decor_lopped, uniq_eustachio, uniq_duvessa

Notes
Turn   | Place    | Note
-------+----------+-------------------------------------------
     0 | D:1      | MackTheKnife the Meteoran Berserker began the quest for the
                  | Orb.
     0 | D:1      | Reached XP level 1. HP: 19/19 MP: 2/2
     0 | D:1      | magus.rc [v1.9.6]
   103 | D:1      | Reached skill level 4 in Axes
   107 | D:1      | Reached XP level 2. HP: 17/26 MP: 3/3
   200 | D:1      | You fall into a shaft and drop 1 floor!
   242 | D:2      | Reached XP level 3. HP: 31/31 MP: 4/4
   267 | D:2      | HP: 7/31 [worm (1)]
   289 | D:2      | Reached skill level 5 in Axes
   590 | D:3      | Reached XP level 4. HP: 29/38 MP: 5/5
   714 | D:3      | Found a faded altar of an unknown god.
   718 | D:3      | Found a hide-covered altar of Uskayaw.
   849 | D:4      | Noticed Blork the orc
   849 | D:4      | Noticed a scorpion
   849 | D:4      | Found a sparkling altar of Nemelex Xobeh.
   889 | D:4      | Found a hazy altar of Hepliaklqana.
   949 | D:4      | Reached skill level 6 in Axes
   949 | D:4      | Reached XP level 5. HP: 38/46 MP: 6/6
   958 | D:4      | Reached skill level 4 in Fighting
   969 | D:4      | Noticed Grinder
   995 | D:4      | Paralysed by Grinder for 3 turns
   996 | D:4      | HP: 8/46 [Grinder (5)]
   996 | D:4      | HP: 3/46 [Grinder (5)]
   998 | D:4      | Killed Grinder
   999 | D:4      | Reached skill level 5 in Fighting
   999 | D:4      | Reached skill level 7 in Axes
   999 | D:4      | Reached XP level 6. HP: 4/56 MP: 7/7
   999 | D:4      | Reached XP level 7. HP: 5/61 MP: 8/8
  1045 | D:4      | Identified the +0 pair of boots "Tynafi" {+Inv rCorr Dex-5
                  | Stlth+}
  1081 | D:4      | Identified the ring of Emithrotz {rF+++ Will+ Str-4 Int-2
                  | Dex+5}
  1098 | D:4      | Reached ** piety under Trog
  1113 | D:4      | Killed Blork the orc
  1187 | D:4      | Found a staircase to the Ecumenical Temple.
  1221 | D:5      | Entered Level 5 of the Dungeon
  1224 | D:5      | Noticed Eustachio
  1228 | D:5      | Noticed Dowan
  1230 | D:5      | Noticed Duvessa
  1239 | D:5      | HP: 13/59 [Duvessa/+0 rapier (6)]
  1239 | D:5      | HP: 5/59 [Duvessa/+0 rapier (8)]
  1239 | D:5      | Killed from afar by Dowan

Vanquished Creatures
  Grinder (D:4)
  Blork the orc (D:4)
  A scorpion (D:4)
  A hound (D:4)
  2 iguanas (D:4)
  4 adders
  An ufetubus (D:4)
  2 worms
  7 orcs (D:4)
  An endoplasm (D:1)
  2 hobgoblins
  2 kobolds (D:4)
  2 quokkas (D:3)
  9 ball pythons
  4 bats
  A goblin (D:1)
  5 rats
46 creatures vanquished.

Table legend:
 A = Non-vault XP
 B = Vault XP
 C = Vault XP percentage of total XP
 D = Non-vault monster count
 E = Vault monster count
 F = Vault count percentage of total count
                 A         B        C        D         E       F
            +---------+---------+-------+---------+---------+-------
      Total |     319 |     386 |  54.8 |      44 |       2 |   4.3
            +---------+---------+-------+---------+---------+-------
        D:1 |      13 |       0 |   0.0 |       9 |       0 |   0.0
        D:2 |      30 |       0 |   0.0 |      11 |       0 |   0.0
        D:3 |      25 |       0 |   0.0 |       6 |       0 |   0.0
        D:4 |     251 |     386 |  60.6 |      18 |       2 |  10.0
            +---------+---------+-------+---------+---------+-------

Illustrated notes

Table legend:
 A = Kills in this place as a percentage of kills in entire the game.
 B = Kills by you in this place as a percentage of kills by you in the entire game.
 C = Kills by friends in this place as a percentage of kills by friends in the entire game.
 D = Other kills in this place as a percentage of other kills in the entire game.
 E = Experience gained in this place as a percentage of experience gained in the entire game.
 F = Experience gained in this place divided by the number of levels of this place that you have seen.
                   A       B       C       D       E      F
               +-------+-------+-------+-------+-------+----------------------
         Total | 100.0 | 100.0 |   N/A |   N/A | 100.0 | 141.0
       Dungeon | 100.0 | 100.0 |   N/A |   N/A | 100.0 | 141.0
               +-------+-------+-------+-------+-------+----------------------

Table legend: (Time is in decaauts)
 A = Elapsed time spent in this place.
 B = Non-inter-level travel time spent in this place.
 C = Inter-level travel time spent in this place.
 D = Time resting spent in this place.
 E = Time spent auto-exploring this place.
 F = Levels seen in this place.
 G = Mean time per level.
                   A        B        C        D        E       F      G
               +--------+--------+--------+--------+--------+-----+--------+
         Total |   1286 |   1184 |    102 |      1 |     97 |   5 |  257.2 |
       Dungeon |   1286 |   1184 |    102 |      1 |     97 |   5 |  257.2 |
               +--------+--------+--------+--------+--------+-----+--------+

Top non-repeatable levels by time:
     D:3: 391 daAuts
     D:4: 361 daAuts
     D:2: 313 daAuts
     D:1: 202 daAuts
     D:5: 17 daAuts
